 Dungeon Crawl Stone Soup version 0.31-a0-152-g6aa68a64a1 (webtiles) character file.

Game seed: 17195980524993561423

25 qw the Shooter (level 3, 0/21 HPs)
             Began as a Gargoyle Hunter on June 11, 2023.
             Slain by Sigmund
             ... wielding a +0 scythe
              (7 damage)
             ... on level 2 of the Dungeon.
             The game lasted 00:00:18 (1410 turns).

qw the Shooter (Gargoyle Hunter)                    Turns: 1410, Time: 00:00:18

Health: 0/21       AC:  8    Str: 14    XL:     3   Next: 4%
Magic:  3/3        EV: 10    Int:  9    God:
Gold:   93         SH:  0    Dex: 15    Spells: 2/2 levels left

rFire   . . .        Y - +0 shortbow
rCold   . . .        (shield currently unavailable)
rNeg    + . .        h - +0 ring mail
rPois   inf          (no helmet)
rElec   +            (no cloak)
rCorr   .            (no gloves)
SInv    .            (no boots)
Will    .....        (no amulet)
Stlth   +            (no ring)
HPRegen 0.23/turn    (no ring)
MPRegen 0.08/turn

%: no passive effects
@: no status effects
A: sickness immunity, AC +3, negative energy resistance 1, electricity
resistance, torment resistance 1, petrification resistance
a: no special abilities


You were on level 2 of the Dungeon.
You visited 1 branch of the dungeon, and saw 2 of its levels.

You collected 93 gold pieces.


Innate Abilities, Weirdness & Mutations

You are immune to sickness and miasma.
Your stone body is resilient. (AC +3)
You are immune to poison.
You resist negative energy. (rN+)
You are resistant to electric shocks. (rElec)
You are resistant to unholy torment.
You are immune to petrification.


   Skills:
 - Level 2.1 Fighting
 - Level 4.8 Ranged Weapons
 + Level 0.7 Armour
 - Level 1.5 Dodging
 - Level 1.1 Stealth


You had 2 spell levels left.
You didn't know any spells.
Your spell library was empty.

Inventory:

Hand Weapons
 Y - a +0 shortbow (weapon)
Armour
 h - a +0 ring mail (worn)
Scrolls
 a - a scroll of identify
 c - a scroll of acquirement {unknown}
Potions
 b - a potion of curing {unknown}
 d - a potion of heal wounds
 g - a potion of attraction {unknown}
 i - a potion of magic {unknown}

Dungeon Overview and Level Annotations

Branches:
Dungeon (2/15)

Altars:

Annotations:
D:2 Sigmund


Message History

You now have 93 gold pieces (gained 14).
c - a scroll labelled HUDWAI HUFOH
Found a club.
A quokka comes into view.
You shoot an arrow. The arrow hits the quokka.
You kill the quokka!
You have reached level 3!
Your experience leads to an increase in your attributes!
Increase (S)trength, (I)ntelligence, or (D)exterity?
You feel agile. x2
Found a stone staircase leading down.
Sigmund the Dreaded comes into view.
He is wielding a +0 scythe.
Sigmund shouts!
A bat comes into view.
Sigmund gestures at you while chanting.
You are confused.
Enter note:
Enter note: Sigmund gestures wildly while chanting.
Sigmund flickers and vanishes!
Deactivating autopickup; reactivate with Ctrl-A.
The bat hits you.
You hear a shout!
The bat completely misses you. The bat hits you but does no damage.
You feel less confused. The bat hits you but does no damage.
You shoot an arrow. The arrow misses the bat.
The bat hits you but does no damage.
You shoot an arrow. The arrow misses the bat.
The bat barely misses you. Something hits you but does no damage.
You shoot an arrow. The arrow closely misses the bat.
The bat hits you but does no damage. Something hits you!
You shoot an arrow. The arrow hits the bat.
You kill the bat!
Something hits you.
You shoot an arrow. You shoot an arrow. Something hits you!
You die...

##..###.####
#.##....
##..## #.#
#.......
#....# #.#
###.....
####.###.##
#.....
#......#
#.##.#
#......# #
#<# #......#
#.. #.%>...#
... #.@....#
##. ##.....#
.. ..##.##
## ........
##.## ..##
.. .. #. ..
#.


There were no monsters in sight!

Vanquished Creatures
  A dart slug (D:1)
  A ball python (D:1)
  3 endoplasms (D:1)
  3 goblins (D:1)
  A hobgoblin (D:1)
  3 kobolds (D:1)
  A quokka (D:2)
  5 bats
  A frilled lizard (D:1)
  3 rats
22 creatures vanquished.

Notes
Turn   | Place    | Note
-------+----------+-------------------------------------------
     0 | D:1      | qw the Gargoyle Hunter began the quest for the Orb.
     0 | D:1      | Reached XP level 1. HP: 12/12 MP: 1/1
     0 | D:1      | 0 ||| qw: Version: 0.2-a-29-g99eb96e
     0 | D:1      | 0 ||| qw: Game counter: 4086
     0 | D:1      | 0 ||| qw: Always use a shield: true
     0 | D:1      | 0 ||| qw: God list: Okawaru
     0 | D:1      | 0 ||| qw: Allow faded altars: false
     0 | D:1      | 0 ||| qw: Do Orc after D:15 true
     0 | D:1      | 0 ||| qw: Do second Lair branch before Depths: true
     0 | D:1      | 0 ||| qw: Lair rune preference: random
     0 | D:1      | 0 ||| qw: Plans: Normal, Zot:1-4, Slime:5, God:TSO, Crypt,
                  | Tomb, Abyss, Pan, Hells, Win
     0 | D:1      | 0 ||| PLANNING D:1-11
   292 | D:1      | Reached XP level 2. HP: 17/17 MP: 2/2
  1259 | D:1      | 1259 ||| UPGRADING to +0 ring mail.
  1269 | D:1      | 1269 ||| DROPPING +0 leather armour.
  1270 | D:1      | 1270 ||| READING 2 scrolls labelled VUELAMMUTI.
  1271 | D:1      | 1271 ||| READING scroll labelled VIONYOTA FEOL.
  1272 | D:1      | 1272 ||| DRINKING 2 black potions.
  1273 | D:1      | 1273 ||| DROPPING scroll of butterflies.
  1373 | D:2      | Reached XP level 3. HP: 21/21 MP: 3/3
  1399 | D:2      | Noticed Sigmund
  1410 | D:2      | Slain by Sigmund

Levels and vault maps discovered:
D:1:      elethiomel_arrival_infinity_welcomes_careful_drivers, layout_basic,
          serial_corexii_hall, corexii_hall_statues_deadend,
          chequers_hall_statues_wall_a
D:2:      layout_rooms, serial_shops, nicolae_shop_back_alley_shop, uniq_sigmund

Action                     || total
---------------------------++-------
   Fire: Shortbow          ||    67
    Use: Scroll            ||     2
         Potion            ||     1
 Armour: Leather armour    ||     7
         Ring mail         ||    11
  Dodge: Dodged            ||    21

Table legend:
 A = Non-vault XP
 B = Vault XP
 C = Vault XP percentage of total XP
 D = Non-vault monster count
 E = Vault monster count
 F = Vault count percentage of total count
                 A         B        C        D         E       F
            +---------+---------+-------+---------+---------+-------
      Total |      36 |       0 |   0.0 |      22 |       0 |   0.0
            +---------+---------+-------+---------+---------+-------
        D:1 |      30 |       0 |   0.0 |      17 |       0 |   0.0
        D:2 |       6 |       0 |   0.0 |       5 |       0 |   0.0
            +---------+---------+-------+---------+---------+-------
